 Dungeon Crawl Stone Soup version 0.21.1-1-g345015fe64 (webtiles) character file.

132242 Htamos the Acrobat (level 17, -3/217 HPs)
             Began as a Merfolk Berserker on July 15, 2018.
             Was the Champion of Trog.
             Slain by the 16-headed Lernaean hydra (7 damage)
             ... on level 4 of the Swamp.
             The game lasted 01:41:07 (38901 turns).

Htamos the Acrobat (Merfolk Berserker)             Turns: 38901, Time: 01:41:08

Health: -3/217     AC: 28    Str: 21    XL:     17   Next: 12%
Magic:  17/17      EV:  2    Int:  8    God:    Trog [******]
Gold:   529        SH: 23    Dex: 16    Spells: 16/16 levels left

rFire    + . .     SeeInvis .   L - +1 falchion (flame)
rCold    . . .     Gourm    +   W - +5 large shield
rNeg     + + +     Faith    .   (armour currently unavailable)
rPois    +         Spirit   .   (helmet currently unavailable)
rElec    .         Reflect  .   (cloak currently unavailable)
rCorr    .         Harm     .   (gloves currently unavailable)
MR       +....     NoTele   +   (boots currently unavailable)
Stlth    ++........             y - amulet of the gourmand
HPRegen  0.46/turn              n - ring of Gifaep {rPois rF+ Str+3 Dex-5 Stlth+}
MPRegen  0.15/turn              p - +3 ring of dexterity

@: tree-form, berserk cooldown, slowed, very slow
A: (change form in water), (swift swim), (stealthy swim)
a: Berserk, Trog's Hand, Brothers in Arms, Burn Spellbooks, Renounce Religion


You were on level 4 of the Swamp.
You worshipped Trog.
Trog was exalted by your worship.
You were not hungry.
You were a tree.
You visited 4 branches of the dungeon, and saw 27 of its levels.
You also visited: Bailey and Ice Cave.

You collected 2664 gold pieces.
You spent 2135 gold pieces at shops.

Inventory:

Hand Weapons
 z - the +8 lance "Wyrmbane" {slay drac, rPois rF+ rC+ AC+3}
   (You bought it in a shop on level 2 of the Orcish Mines)

   It affects your AC (+3).
   It protects you from fire.
   It protects you from cold.
   It protects you from poison.
 F - a +2 antimagic glaive
 G - a +2 trident of flaming
 H - a +6 demon trident of electrocution
 L - a +1 falchion of flaming (weapon)
 P - a +5 great sword of slicing
 Q - the +10 dire flail of the Reaper {speed, MR+}
   (You found it on level 13 of the Dungeon)

   Attacks with this weapon are significantly faster.
   It affects your resistance to hostile enchantments.
Armour
 a - a +2 pair of gloves (melded)
 d - a +1 pair of boots (melded)
 h - the +10 scale mail of Luucynia (melded) {Str+2}
   (You found it on level 10 of the Dungeon)

   It affects your strength (+2).
 E - the +2 ring mail of the Equator {rCorr Int+2 Dex+3}
   (You found it on level 5 of the Lair of Beasts)

   It affects your intelligence (+2).
   It affects your dexterity (+3).
   It protects you from acid and corrosion.
 I - a +2 hat (melded)
 S - the +2 ring mail of Imimamp {rElec}
   (You bought it in a shop on level 15 of the Dungeon)

   It insulates you from electricity.
 V - a +2 cloak (melded)
 W - a +5 large shield (worn)
Jewellery
 b - an uncursed ring of protection from fire
 m - an uncursed ring of protection from magic
 n - the ring of Gifaep (left branch) {rPois rF+ Str+3 Dex-5 Stlth+}
   (You bought it in a shop on level 2 of the Orcish Mines)

   [ring of poison resistance]

   It affects your strength (+3).
   It affects your dexterity (-5).
   It protects you from fire.
   It protects you from poison.
   It makes you more stealthy.
 p - a +3 ring of dexterity (right branch)
 y - an amulet of the gourmand (around neck)
 J - an uncursed ring of see invisible
Wands
 q - a wand of polymorph (14)
 u - a wand of digging (68)
 x - a wand of flame (43)
 K - a wand of clouds (8)
 R - a wand of random effects (15)
 Z - a wand of acid (14)
Scrolls
 k - 8 scrolls of teleportation
 r - 6 scrolls of fog
 s - 3 scrolls of fear
 w - 2 scrolls of immolation
 A - 14 scrolls of identify
 B - 9 scrolls of remove curse
 O - a scroll of holy word
 T - 3 scrolls of magic mapping
 U - a scroll of summoning
Potions
 e - 2 potions of haste
 f - 2 potions of curing
 l - 3 potions of mutation
 t - 3 potions of flight
 v - a potion of lignification
 N - 2 potions of agility
Miscellaneous
 i - a phantom mirror
 C - a sack of spiders
 Y - a lightning rod (4/4)
Comestibles
 c - 42 rations


   Skills:
 - Level 16.5 Fighting
 - Level 3.0 Maces & Flails
 - Level 17.4 Polearms
 - Level 7.0 Armour
 - Level 21.0 Dodging
 * Level 11.4 Shields


You had 16 spell levels left.
You didn't know any spells.

Dungeon Overview and Level Annotations

Branches:
Dungeon (15/15)            Temple (0/1) D:6            Lair (6/6) D:10
  Swamp (4/4) Lair:4       Spider (0/4) Lair:4        Slime (0/5) Lair:6
    Orc (2/2) D:10            Elf (0/3) Orc:2        Vaults (0/5) D:14
 Depths (0/5) D:15

Altars:
Ashenzari
Elyvilon
Makhleb
Nemelex Xobeh
Qazlal
Ru
Sif Muna
Beogh

Shops:
D:11 }   D:15 [   Orc:1 *   Orc:2 ([=*!

Annotations:
Swamp:4 Lernaean hydra


Message History

The 16-headed Lernaean hydra bites you.
* * * LOW HITPOINT WARNING * * *
The 16-headed Lernaean hydra bites you!
* * * LOW HITPOINT WARNING * * *
You block the 16-headed Lernaean hydra's attack. x4
The 16-headed Lernaean hydra bites you but does no damage.
The 16-headed Lernaean hydra bites you.
* * * LOW HITPOINT WARNING * * *
The 16-headed Lernaean hydra bites you!
* * * LOW HITPOINT WARNING * * *
You block the 16-headed Lernaean hydra's attack.
The 16-headed Lernaean hydra bites you but does no damage.
The 16-headed Lernaean hydra bites you.
* * * LOW HITPOINT WARNING * * *
You block the 16-headed Lernaean hydra's attack.
The 16-headed Lernaean hydra bites you but does no damage.
The swamp worm bites you but does no damage.
The 16-headed Lernaean hydra bites you but does no damage.
The 16-headed Lernaean hydra bites you!
You die...

≈≈≈. #### #..≈#.
##≈≈## ≈.#≈.≈≈
#≈≈≈.####≈.≈≈≈≈#
##≈≈≈.≈≈#≈≈≈≈#.≈#
#≈#..≈≈.#.≈.≈≈.≈.
##.≈##≈≈≈#≈#.≈...≈
#≈#...≈♣w.......≈.
#≈.÷÷##D#≈#≈.≈.≈≈.
#≈≈.##≈≈.#.≈.#:≈.≈
##≈#.#≈#.§≈≈≈.#
w.≈
#≈≈§.#.≈#.#≈≈≈≈. ≈
##≈...≈#≈≈≈≈≈.#.#
#≈≈.≈≈≈.≈§.#.≈≈≈
#...≈#≈≈≈≈≈#.≈§≈.
##≈#..§≈≈≈...


You could see the 16-headed Lernaean hydra and a swamp worm.

Vanquished Creatures
  Nikola (Swamp:3)
  Kirke (Swamp:2)
  Gastronok (D:9)
  4 thorn hunters
  A very ugly thing (Swamp:3)
  The ghost of GreeedyOne the Cleaver, a journeyman FoFi of Uskayaw (Orc:1)
  A reaper (IceCv)
  9 slime creatures
  An ettin (Orc:2)
  A yaktaur captain (D:15)
  A ghost crab (Swamp:4)
  17 hydras
  Harold (Lair:1)
  A centaur warrior (D:15)
  Erica (Lair:1)
  A dancing weapon (D:13)
  A tengu warrior (D:15)
  5 two-headed ogres
  A death yak (Lair:6)
  5 alligators
  4 orc high priests (Orc:2)
  A deep elf knight (D:13)
  A hell knight (D:13)
  2 spriggan druids
  3 unseen horrors
  A wizard (D:13)
  3 shambling mangroves
  10 swamp dragons
  A harpy (shapeshifter) (D:14)
  A lindwurm (shapeshifter) (D:14)
  3 orc sorcerers
  2 manticores
  4 orc knights
  2 deep elf magi
  4 oklob plants (Lair:6)
  3 wolf spiders
  6 ugly things (D:14)
  3 cyclopes
  9 elephants
  A moth of wrath (shapeshifter) (D:14)
  A guardian serpent (Lair:6)
  7 black mambas
  21 spiny frogs
  3 ice statues
  A freezing wraith (D:15)
  6 komodo dragons
  4 yaktaurs (D:15)
  5 ice devils (IceCv)
  3 rime drakes
  A meliai (D:14)
  8 trolls
  A wolf spider simulacrum (D:15)
  7 hornets
  4 tyrant leeches
  A blink frog (shapeshifter) (D:14)
  5 bog bodies
  2 dream sheep (D:8)
  14 blink frogs
  7 hippogriffs
  4 redbacks (Lair:6)
  4 shadows
  4 spriggans
  12 wyverns
  2 basilisks
  45 yaks
  Grum (Lair:1)
  4 hogs (Swamp:3)
  3 hungry ghosts
  9 wargs
  22 vampire mosquitoes
  10 insubstantial wisps
  A water moccasin (shapeshifter) (D:14)
  19 swamp worms
  2 soldier ants
  16 water moccasins
  6 porcupines
  An eye of draining (D:11)
  4 ice beasts
  2 phantoms (D:11)
  48 orc warriors
  11 swamp drakes
  A black bear (D:6)
  6 sky beasts
  11 wolves
  11 ogres
  7 centaurs
  8 crocodiles
  13 bullfrogs
  2 wyvern zombies
  4 big kobolds
  8 gnoll sergeants (Bailey)
  A wyvern skeleton (D:9)
  A scorpion (D:4)
  13 wights
  9 electric eels
  A bullfrog zombie (D:11)
  2 howler monkeys (D:9)
  7 crimson imps
  5 jellies
  3 centaur zombies
  4 bullfrog skeletons
  6 hounds
  A centaur skeleton (D:12)
  32 orc priests
  6 gnoll shamans (Bailey)
  26 orc wizards
  Jessica (D:2)
  3 iguanas
  Natasha (thrice) (D:2)
  9 worker ants
  3 hound zombies
  3 hound skeletons
  A howler monkey zombie (D:7)
  A worker ant zombie (D:11)
  15 gnolls
  A howler monkey skeleton (D:5)
  16 adders
  4 shadow imps
  20 white imps
  10 ufetubi (IceCv)
  4 oozes
  An adder zombie (D:6)
  2 worms (D:2)
  3 dart slugs
  5 leopard geckos
  109 orcs
  9 bats
  7 giant cockroaches
  7 goblins
  5 hobgoblins
  9 jackals
  6 quokkas
  A ball python (D:4)
  4 frilled lizards
  19 kobolds
  2 quokka skeletons
  A quokka zombie (D:7)
  9 rats
  3 briar patches
934 creatures vanquished.

Vanquished Creatures (collateral kills)
  Louise (D:12)
  An orc high priest (Orc:2)
  2 orc knights (Orc:2)
  2 meliai (D:13)
  An orc warrior (Orc:2)
  An orc priest (Orc:2)
  An orc (Orc:2)
9 creatures vanquished.

Vanquished Creatures (others)
  2 hornets (Swamp:1)
  2 humans (Swamp:3)
  A swamp worm (Swamp:3)
  A swamp drake (Swamp:4)
  2 orc wizards (D:3)
  3 white imps (IceCv)
  2 ufetubi (IceCv)
  A bat (D:1)
  6 fungi
  13 plants
33 creatures vanquished.

Grand Total: 976 creatures vanquished

Notes
Turn   | Place    | Note
-------+----------+-------------------------------------------
     0 | D:1      | Htamos the Merfolk Berserker began the quest for the Orb.
     0 | D:1      | Reached XP level 1. HP: 18/18 MP: 1/1
   407 | D:1      | Reached skill level 3 in Dodging
   409 | D:1      | Reached XP level 2. HP: 23/24 MP: 2/2
   791 | D:1      | Reached skill level 5 in Polearms
   908 | D:1      | Reached XP level 3. HP: 30/30 MP: 3/3
  1305 | D:2      | Reached ** piety under Trog
  1593 | D:2      | Reached XP level 4. HP: 32/37 MP: 4/4
  1682 | D:2      | Reached skill level 4 in Dodging
  1692 | D:2      | Noticed Natasha
  1703 | D:2      | Killed Natasha
  1940 | D:2      | Reached XP level 5. HP: 41/43 MP: 5/5
  2036 | D:2      | Noticed Jessica
  2041 | D:2      | Killed Jessica
  2333 | D:2      | Noticed Natasha
  2336 | D:2      | Killed Natasha
  2453 | D:2      | Noticed Natasha
  2463 | D:2      | Killed Natasha
  2463 | D:2      | Reached skill level 5 in Dodging
  2566 | D:2      | Reached XP level 6. HP: 44/50 MP: 6/6
  2794 | D:3      | Reached *** piety under Trog
  3132 | D:3      | Reached skill level 5 in Fighting
  3272 | D:3      | Found a deep blue altar of Sif Muna.
  3357 | D:3      | Reached skill level 6 in Dodging
  3359 | D:3      | Identified Sif Muna's Papyrus of Feathers
  3786 | D:4      | Reached XP level 7. HP: 50/56 MP: 7/7
  3964 | D:4      | Found a shattered altar of Ashenzari.
  4198 | D:4      | Reached skill level 7 in Dodging
  4654 | D:5      | Entered Level 5 of the Dungeon
  4832 | D:5      | Reached **** piety under Trog
  5160 | D:5      | Found a sacrificial altar of Ru.
  5491 | D:4      | Reached skill level 8 in Dodging
  5491 | D:4      | Reached XP level 8. HP: 64/64 MP: 8/8
  6011 | D:5      | Reached skill level 9 in Dodging
  6363 | D:6      | Found a staircase to the Ecumenical Temple.
  6437 | D:6      | Reached skill level 10 in Dodging
  6737 | D:6      | Reached XP level 9. HP: 59/72 MP: 9/9
  7609 | D:7      | Reached skill level 10 in Polearms
  7609 | D:7      | Reached skill level 11 in Dodging
  7627 | D:7      | Reached ***** piety under Trog
  7891 | D:7      | Found a sparkling altar of Nemelex Xobeh.
  8020 | D:7      | Found a stormy altar of Qazlal.
  8207 | D:8      | Reached skill level 12 in Dodging
  8431 | D:8      | Reached XP level 10. HP: 71/82 MP: 10/10
  8488 | D:8      | Noticed a three-headed hydra
  8496 | D:8      | Killed a one-headed hydra
  8496 | D:8      | Reached skill level 13 in Dodging
  8584 | D:8      | Noticed a two-headed ogre
  8594 | D:8      | Killed a two-headed ogre
  9150 | D:8      | Found a white marble altar of Elyvilon.
  9150 | D:8      | Found a burning altar of Makhleb.
  9556 | D:9      | Reached skill level 14 in Dodging
  9580 | D:9      | Reached XP level 11. HP: 60/90 MP: 11/11
  9594 | D:9      | Received a gift from Trog
  9809 | D:9      | Noticed Gastronok
  9822 | D:9      | Killed Gastronok
  9822 | D:9      | Reached skill level 10 in Fighting
  9822 | D:9      | Reached skill level 15 in Dodging
 10061 | D:10     | Entered Level 10 of the Dungeon
 10124 | D:10     | Found a staircase to the Lair.
 10350 | D:10     | Found a staircase to the Orcish Mines.
 10912 | D:10     | Got a twisted scale mail
 10923 | D:10     | Identified the +10 scale mail of Luucynia {Str+2} (You found it on level 10 of the Dungeon)
 11257 | D:11     | Reached skill level 16 in Dodging
 11480 | D:11     | Killed an unseen horror
 11480 | D:11     | Reached XP level 12. HP: 47/100 MP: 12/12
 11751 | D:11     | Noticed a two-headed ogre
 11764 | D:11     | Killed a two-headed ogre
 12201 | D:11     | Found Esorphuf's Gadget Shop.
 12211 | D:11     | Noticed a two-headed ogre
 12218 | D:11     | Killed a two-headed ogre
 12963 | D:12     | Reached skill level 17 in Dodging
 13597 | D:12     | Got a pitted chain mail
 13610 | D:12     | Identified the +2 chain mail "Edivaun" {rC++} (You found it on level 12 of the Dungeon)
 13778 | D:12     | Received a gift from Trog
 14617 | D:13     | Noticed Louise
 14884 | D:12     | Killed Louise
 15162 | D:13     | Reached skill level 15 in Polearms
 15184 | D:13     | Reached skill level 18 in Dodging
 15380 | D:13     | Noticed a seven-headed hydra
 15397 | D:13     | Killed a one-headed hydra
 15397 | D:13     | Reached XP level 13. HP: 50/108 MP: 13/13
 15610 | D:13     | Got a twisted dire flail
 15622 | D:13     | Identified the +10 dire flail of the Reaper {speed, MR+} (You found it on level 13 of the Dungeon)
 16521 | D:14     | Found a flagged portal.
 16534 | Bailey   | Entered a bailey
 16834 | Bailey   | Got a pitted ring mail
 16845 | Bailey   | Identified the +1 ring mail of Divine Intervention {+Inv rCorr Str-3 Int+6} (You found it in a bailey)
 17110 | D:14     | Found a gate to the Vaults.
 17435 | D:14     | Reached skill level 19 in Dodging
 17483 | D:14     | Reached ****** piety under Trog
 18989 | D:15     | Entered Level 15 of the Dungeon
 19269 | D:15     | Found Evel's Antique Armour Emporium.
 19277 | D:15     | Bought a twisted ring mail for 225 gold pieces
 19293 | D:15     | Identified the +2 ring mail of Imimamp {rElec} (You bought it in a shop on level 15 of the Dungeon)
 19486 | D:15     | Found a staircase to the Depths.
 19486 | D:15     | Noticed a yaktaur captain
 19500 | D:15     | Killed a yaktaur captain
 19674 | D:15     | Reached skill level 1 in Maces & Flails
 19780 | D:15     | Reached XP level 14. HP: 85/118 MP: 14/14
 20098 | D:15     | Received a gift from Trog
 20406 | Orc:1    | Entered Level 1 of the Orcish Mines
 20471 | D:10     | Reached skill level 20 in Dodging
 21169 | Orc:2    | Entered Level 2 of the Orcish Mines
 21169 | Orc:2    | Found a staircase to the Elven Halls.
 21429 | Orc:2    | Received a gift from Trog
 21692 | Orc:2    | Found Duhiavise's Weapon Boutique.
 21700 | Orc:2    | Bought the +8 lance "Wyrmbane" {slay drac, rPois rF+ rC+ AC+3} for 1292 gold pieces
 21700 | Orc:2    | Found the +8 lance "Wyrmbane" {slay drac, rPois rF+ rC+ AC+3}
 23165 | Orc:2    | Found Toocacs's Distillery.
 23165 | Orc:2    | Found Vizosot's Antique Armour Shop.
 23166 | Orc:2    | Found Etzoul's General Store.
 23166 | Orc:2    | Found Mafi's Jewellery Boutique.
 23178 | Orc:2    | Bought an uncursed ring of see invisible for 195 gold pieces
 23303 | Orc:1    | Found Faaloc's General Store.
 23837 | Orc:1    | Noticed GreeedyOne's ghost (journeyman FoFi)
 23863 | Orc:1    | Killed GreeedyOne's ghost
 23866 | Orc:1    | Found a roughly hewn altar of Beogh.
 24412 | Lair:1   | Entered Level 1 of the Lair of Beasts
 24414 | Lair:1   | Noticed Grum
 24437 | Lair:1   | Killed Grum
 24470 | Lair:1   | Reached skill level 21 in Dodging
 24845 | Lair:1   | Noticed Erica
 24864 | Lair:1   | Killed Erica
 24929 | Lair:1   | Received a gift from Trog
 25134 | Lair:1   | Noticed Harold
 25150 | Lair:1   | Killed Harold
 25823 | Lair:2   | Reached XP level 15. HP: 126/126 MP: 15/15
 25854 | Lair:2   | Found a frozen archway.
 25929 | IceCv    | Entered an ice cave
 28063 | Lair:3   | Reached skill level 5 in Armour
 28408 | Lair:4   | Received a gift from Trog
 28418 | Lair:4   | Found a staircase to the Swamp.
 28996 | Lair:4   | Found a hole to the Spider Nest.
 30149 | Lair:5   | Got a twisted ring mail
 30160 | Lair:5   | Identified the +2 ring mail of the Equator {rCorr Int+2 Dex+3} (You found it on level 5 of the Lair of Beasts)
 30653 | Lair:6   | Entered Level 6 of the Lair of Beasts
 30825 | Lair:6   | Found a staircase to the Slime Pits.
 30835 | Lair:6   | Reached skill level 15 in Fighting
 33749 | Swamp:1  | Entered Level 1 of the Swamp
 33790 | Swamp:1  | Reached XP level 16. HP: 138/138 MP: 16/16
 34132 | Orc:2    | Bought the ring of Gifaep {rPois rF+ Str+3 Dex-5 Stlth+} for 423 gold pieces
 34334 | Swamp:1  | Received a gift from Trog
 34731 | Swamp:1  | Reached skill level 1 in Shields
 35234 | Swamp:2  | Paralysed by a hornet for 3 turns
 35239 | Swamp:2  | Paralysed by a hornet for 2 turns
 35596 | Swamp:2  | Noticed a thorn hunter
 35605 | Swamp:2  | Killed a thorn hunter
 35605 | Swamp:2  | Reached skill level 5 in Shields
 36176 | Swamp:3  | Noticed Kirke
 36599 | Swamp:2  | Killed Kirke
 36599 | Swamp:2  | Received a gift from Trog
 36740 | Swamp:3  | Noticed a thorn hunter
 36757 | Swamp:3  | Killed a thorn hunter
 37029 | Swamp:3  | Noticed a thorn hunter
 37046 | Swamp:3  | Killed a thorn hunter
 37382 | Swamp:3  | Noticed Nikola
 37826 | Swamp:3  | Killed Nikola
 38017 | Swamp:4  | Entered Level 4 of the Swamp
 38073 | Swamp:4  | Noticed a thorn hunter
 38093 | Swamp:4  | Killed a thorn hunter
 38317 | Swamp:4  | Reached skill level 10 in Shields
 38564 | Swamp:4  | Reached XP level 17. HP: 136/145 MP: 17/17
 38882 | Swamp:4  | Noticed the 27-headed Lernaean hydra
 38901 | Swamp:4  | HP: 6/217 [the 16-headed Lernaean hydra (7)]
 38901 | Swamp:4  | Slain by the 16-headed Lernaean hydra

Skill      XL: |  1  2  3  4  5  6  7  8  9 10 11 12 13 14 15 16 17 |
---------------+----------------------------------------------------+-----
Dodging        | 3 4 5 6 8 10 12 14 16 18 19 21 | 21.0
Polearms       | 5 6 7 8 9 10 12 13 15 16 17 | 17.4
Fighting       | 4 5 7 8 9 11 12 13 14 16 | 16.5
Maces & Flails | 1 3 |  3.0
Armour         | 3 7 |  7.0
Shields        | 10 11 | 11.4

Action                   |  1- 3 |  4- 6 |  7- 9 | 10-12 | 13-15 | 16-18 || total
-------------------------+-------+-------+-------+-------+-------+-------++-------
Melee: Spear             |   118 |   343 |   271 |       |       |       ||   732
       Tailslap          |       |     1 |       |       |     2 |    20 ||    23
       Halberd           |       |       |   258 |   618 |   129 |       ||  1005
       Falchion          |       |       |       |    18 |     8 |    14 ||    40
       Trident           |       |       |       |   234 |   390 |       ||   624
       Dire flail        |       |       |       |       |   247 |       ||   247
       Glaive            |       |       |       |       |   106 |       ||   106
       Great sword       |       |       |       |       |    10 |       ||    10
       Lance             |       |       |       |       |  1161 |    40 ||  1201
       Demon trident     |       |       |       |       |    61 |   544 ||   605
       Unarmed           |       |       |       |       |       |     1 ||     1
Invok: Berserk           |       |     5 |    10 |    16 |    20 |     6 ||    57
       Burn Spellbooks   |       |       |     2 |       |     3 |       ||     5
       Trog's Hand       |       |       |     1 |     1 |     4 |     1 ||     7
       Brothers in Arms  |       |       |       |     1 |     3 |       ||     4
Evoke: Wand              |       |       |     1 |    31 |    13 |       ||    45
  Use: Scroll            |     4 |     4 |     4 |     4 |    21 |    12 ||    49
       Potion            |       |     1 |     5 |     4 |     8 |     8 ||    26
 Stab: Sleeping          |     4 |       |       |     1 |       |       ||     5
  Eat: Chunk             |     2 |    11 |    40 |    45 |    80 |    15 ||   193
       Ration            |       |       |     1 |       |       |       ||     1
Armor: Animal skin       |     7 |       |       |       |       |       ||     7
       Chain mail        |     3 |    24 |       |       |    20 |       ||    47
       Scale mail        |       |    87 |    94 |   136 |   403 |   287 ||  1007
       Troll leather arm |       |       |     6 |    14 |       |       ||    20
       Plate armour      |       |       |       |    26 |       |       ||    26
       Skin              |       |       |       |       |     2 |    15 ||    17
Dodge: Dodged            |    51 |   134 |   290 |   559 |  1402 |   400 ||  2836
Block: Buckler           |     2 |       |       |       |       |       ||     2
       Large shield      |       |       |       |       |   491 |   487 ||   978
       Rpst.: Falchion   |       |       |       |     6 |     2 |     2 ||    10
       Great sword       |       |       |       |       |     5 |       ||     5
